TOP OF THE 1ST |
Amarillo ThunderHeads batting - Pitching for Houston Colt .45's : RHP Jaquan Alston
|
Pitching: RHP Jaquan Alston
|
|
Batting: SHB Zack Barton
|
0-0: Ball 1-0: Called Strike 1-1: Swinging Strike 1-2: Foul Ball, location: 2F 1-2: Strikes out swinging
|
Batting: LHB Santino Pisanello
|
0-0: Called Strike 0-1: Fly out, F8 (Line Drive, 8LD, EV 96.9 MPH)
|
Batting: RHB Jerry Foster
|
0-0: Ground out 6-3 (Groundball, 6, EV 106.2 MPH)
|
Top of the 1st over - 0 runs, 0 hits, 0 errors, 0 left on base; Amarillo 0 - Houston 0 |
BOTTOM OF THE 1ST |
Houston Colt .45's batting - Pitching for Amarillo ThunderHeads : RHP Jim Sawicki
|
Pitching: RHP Jim Sawicki
|
|
Batting: RHB Drew Coleman
|
0-0: Ball 1-0: Fly out, F7 (Line Drive, 7S, EV 106.2 MPH)
|
Batting: RHB Nate Britton
|
0-0: Called Strike 0-1: Ball 1-1: Ground out 5-3 (Groundball, 5L, EV 83.1 MPH)
|
Batting: RHB Erik Smith
|
0-0: Swinging Strike 0-1: Foul Ball, location: 2F 0-2: Ball 1-2: Fly out, F8 (Flyball, 8RD, EV 105.0 MPH)
|
Bottom of the 1st over - 0 runs, 0 hits, 0 errors, 0 left on base; Amarillo 0 - Houston 0 |
TOP OF THE 2ND |
Amarillo ThunderHeads batting - Pitching for Houston Colt .45's : RHP Jaquan Alston
|
Batting: RHB Sal Cervantes
|
0-0: Foul Ball, location: 2F 0-1: Ground out 4-3 (Groundball, 4S, EV 85.0 MPH)
|
Batting: RHB Ron Squires
|
0-0: Foul Ball, location: 2F 0-1: Ball 1-1: SINGLE (Line Drive, 4D, EV 108.1 MPH)
|
Batting: RHB Eric Juarez
|
Pickoff Throw to First - Out! 1-3 0-0: Ball 1-0: Ball 2-0: Called Strike 2-1: Fly out, F7 (Flyball, 7, EV 88.8 MPH)
|
Top of the 2nd over - 0 runs, 1 hit, 0 errors, 0 left on base; Amarillo 0 - Houston 0 |
BOTTOM OF THE 2ND |
Houston Colt .45's batting - Pitching for Amarillo ThunderHeads : RHP Jim Sawicki
|
Batting: RHB Nick Deegan
|
0-0: DOUBLE (Line Drive, 8LD, EV 111.2 MPH)
|
Batting: RHB Yoshitoshi Mori
|
0-0: Swinging Strike 0-1: Ball 1-1: Fly out, F5 (Popup, 5SF, EV 72.5 MPH)
|
Batting: RHB Kieron Clark
|
0-0: Fly out, F9 (Flyball, 9S, EV 88.8 MPH)
|
Batting: RHB Keith Goodwin
|
0-0: Called Strike 0-1: Ground out 6-3 (Groundball, 6, EV 88.1 MPH)
|
Bottom of the 2nd over - 0 runs, 1 hit, 0 errors, 1 left on base; Amarillo 0 - Houston 0 |
TOP OF THE 3RD |
Amarillo ThunderHeads batting - Pitching for Houston Colt .45's : RHP Jaquan Alston
|
Batting: RHB Sam Voss
|
0-0: Ball 1-0: Swinging Strike 1-1: Called Strike 1-2: SINGLE (Line Drive, 8RS, EV 90.0 MPH)
|
Batting: RHB Jose Barboza
|
0-0: Called Strike 0-1: Ball 1-1: Foul Ball, location: 2F 1-2: Foul Ball, location: 2F 1-2: SINGLE (Line Drive, 9S, EV 93.1 MPH) Sam Voss to second Runner from 2nd tries for 3rd, SAFE, throw by RF made to third
|
Batting: SHB Tyler Romo
|
0-0: Swinging Strike 0-1: Foul Ball, location: 2F 0-2: Ball 1-2: Ball 2-2: Ball 3-2: Strikes out swinging
|
Batting: SHB Zack Barton
|
0-0: Called Strike 0-1: Foul Ball, location: 2F 0-2: Ball 1-2: Ball Passed Ball! Sam Voss scores Jose Barboza to second 2-2: Foul Ball, location: 2F 2-2: Foul Ball, location: 2F 2-2: Foul Ball, location: 2F 2-2: Fly out, F8 (Flyball, 8RD, EV 82.5 MPH)
|
Batting: LHB Santino Pisanello
|
0-0: Called Strike 0-1: Fly out, F9 (Flyball, 9LM, EV 85.0 MPH)
|
Top of the 3rd over - 1 run, 2 hits, 0 errors, 1 left on base; Amarillo 1 - Houston 0 |
BOTTOM OF THE 3RD |
Houston Colt .45's batting - Pitching for Amarillo ThunderHeads : RHP Jim Sawicki
|
Batting: SHB Miguel Sierra
|
0-0: Ball 1-0: Ball 2-0: Ball 3-0: Base on Balls
|
Batting: RHB Omar Amaya
|
0-0: Called Strike 0-1: Ball 1-1: Fly out, F7 (Flyball, 7, EV 85.6 MPH)
|
Batting: RHB Drew Coleman
|
0-0: Called Strike 0-1: Ball Miguel Sierra steals 2nd base 1-1: Ball 2-1: SINGLE (Line Drive, 3D, EV 96.2 MPH) Miguel Sierra to third Runner from 3rd tries for Home, SAFE, throw by RF to home
|
Batting: RHB Nate Britton
|
0-0: Foul Ball, location: 2F 0-1: Called Strike 0-2: Ball 1-2: Foul Ball, location: 2F 1-2: Ball 2-2: Foul Ball, location: 2F 2-2: Ball Passed Ball! Drew Coleman to second 3-2: Strikes out swinging
|
Batting: RHB Erik Smith
|
0-0: Ball 1-0: Fly out, F8 (Flyball, 8RXD, EV 88.8 MPH)
|
Bottom of the 3rd over - 1 run, 1 hit, 0 errors, 1 left on base; Amarillo 1 - Houston 1 |
TOP OF THE 4TH |
Amarillo ThunderHeads batting - Pitching for Houston Colt .45's : RHP Jaquan Alston
|
Batting: RHB Jerry Foster
|
0-0: SINGLE (Groundball, 6S, EV 61.2 MPH) (infield hit)
|
Batting: RHB Sal Cervantes
|
0-0: Called Strike 0-1: Foul Ball, location: 2F 0-2: Ball Jerry Foster steals 2nd base 1-2: Ball 2-2: Ball 3-2: Foul Ball, location: 2F 3-2: Ground out 5-3 (Groundball, 56S, EV 69.4 MPH) Jerry Foster to third
|
Batting: RHB Ron Squires
|
0-0: Called Strike 0-1: Swinging Strike 0-2: Ball 1-2: Ball 2-2: Fly out, F9 (Line Drive, 9, EV 107.5 MPH)
|
Batting: RHB Eric Juarez
|
0-0: Foul Ball, location: 2F 0-1: Swinging Strike 0-2: 2-RUN HOME RUN (Flyball, 89XD, EV 101.9 MPH), Distance : 409 ft
|
Batting: RHB Sam Voss
|
0-0: Called Strike 0-1: SINGLE (Line Drive, 89S, EV 105.6 MPH)
|
Batting: RHB Jose Barboza
|
0-0: Called Strike 0-1: Ground out 4-3 (Groundball, 34, EV 96.2 MPH)
|
Top of the 4th over - 2 runs, 3 hits, 0 errors, 1 left on base; Amarillo 3 - Houston 1 |
BOTTOM OF THE 4TH |
Houston Colt .45's batting - Pitching for Amarillo ThunderHeads : RHP Jim Sawicki
|
Batting: RHB Nick Deegan
|
0-0: Ball 1-0: Ball 2-0: Foul Ball, location: 2F 2-1: Ball 3-1: Base on Balls
|
Batting: RHB Yoshitoshi Mori
|
0-0: Foul Ball, location: 2F 0-1: Ball 1-1: Ball 2-1: Foul Ball, location: 2F 2-2: Ball Wild Pitch! Nick Deegan to second 3-2: Ground out 4-3 (Groundball, 4, EV 78.1 MPH) Nick Deegan to third
|
Batting: RHB Kieron Clark
|
0-0: Called Strike 0-1: Fly out, F6 (Flyball, 6D, EV 86.2 MPH)
|
Batting: RHB Keith Goodwin
|
0-0: Hit by Pitch
|
Batting: SHB Miguel Sierra
|
0-0: Ball 1-0: Swinging Strike 1-1: Ball 2-1: Ground out 1-3 (Groundball, 34S, EV 68.1 MPH)
|
Bottom of the 4th over - 0 runs, 0 hits, 0 errors, 2 left on base; Amarillo 3 - Houston 1 |
TOP OF THE 5TH |
Amarillo ThunderHeads batting - Pitching for Houston Colt .45's : RHP Jaquan Alston
|
Batting: SHB Tyler Romo
|
0-0: Ball 1-0: Called Strike 1-1: Ball 2-1: Reached on error, E3 (Groundball, 34, EV 111.9 MPH)
|
Batting: SHB Zack Barton
|
0-0: Ball 1-0: Ground out 4-3 (Groundball, 4MD, EV 111.2 MPH) Tyler Romo to second
|
Batting: LHB Santino Pisanello
|
0-0: Ball 1-0: Ball 2-0: Ball 3-0: Base on Balls
|
Batting: RHB Jerry Foster
|
0-0: Ball 1-0: Ball 2-0: Ball 3-0: Called Strike 3-1: Called Strike 3-2: Base on Balls Tyler Romo to third Santino Pisanello to second
|
Pitching: RHP Max Warburton
|
|
Batting: RHB Sal Cervantes
|
0-0: Ball 1-0: Foul Ball, location: 2F 1-1: GRAND SLAM HOME RUN (Flyball, 7D, EV 91.9 MPH), Distance : 368 ft
|
Batting: RHB Ron Squires
|
0-0: Foul Ball, location: 2F 0-1: Ball 1-1: Fly out, F8 (Flyball, 8LD, EV 88.1 MPH)
|
Batting: RHB Eric Juarez
|
0-0: Ball 1-0: SINGLE (Groundball, 4D, EV 106.9 MPH)
|
Batting: RHB Sam Voss
|
0-0: SINGLE (Flyball, 89S, EV 94.4 MPH) Eric Juarez to second
|
Batting: RHB Jose Barboza
|
0-0: Ball 1-0: Ball 2-0: Ball 3-0: Base on Balls Eric Juarez to third Sam Voss to second
|
Batting: SHB Tyler Romo
|
0-0: Ball 1-0: Ball Wild Pitch! Eric Juarez scores Sam Voss to third Jose Barboza to second 2-0: Ball 3-0: Base on Balls
|
Batting: SHB Zack Barton
|
0-0: Ball 1-0: Ball 2-0: SINGLE (Groundball, 34D, EV 105.6 MPH) Sam Voss scores Jose Barboza to third Tyler Romo to second Runner from 3rd tries for Home, SAFE, throw by RF to home
|
Pitching: RHP Matt Doherty
|
|
Batting: LHB Santino Pisanello
|
0-0: Swinging Strike 0-1: Ball 1-1: Ball 2-1: SINGLE (Groundball, 6S, EV 56.9 MPH) (infield hit) Tyler Romo to third Zack Barton to second
|
Batting: RHB Jerry Foster
|
0-0: Called Strike 0-1: GRAND SLAM HOME RUN (Flyball, 7D, EV 100.6 MPH), Distance : 377 ft
|
Batting: RHB Sal Cervantes
|
0-0: Ground out 5-3 (Groundball, 56S, EV 81.9 MPH)
|
Top of the 5th over - 11 runs, 6 hits, 1 error, 0 left on base; Amarillo 14 - Houston 1 |
BOTTOM OF THE 5TH |
Houston Colt .45's batting - Pitching for Amarillo ThunderHeads : RHP Jim Sawicki
|
Batting: RHB Omar Amaya
|
0-0: Ground out 6-3 (Groundball, 6M, EV 106.9 MPH)
|
Batting: RHB Drew Coleman
|
0-0: Ground out 6-3 (Groundball, 6, EV 105.0 MPH)
|
Batting: RHB Nate Britton
|
0-0: Ball 1-0: Called Strike 1-1: Swinging Strike 1-2: Ball 2-2: Ball 3-2: Strikes out looking
|
Bottom of the 5th over - 0 runs, 0 hits, 0 errors, 0 left on base; Amarillo 14 - Houston 1 |
TOP OF THE 6TH |
Amarillo ThunderHeads batting - Pitching for Houston Colt .45's : RHP Matt Doherty
|
Batting: RHB Ron Squires
|
0-0: Ball 1-0: DOUBLE (Line Drive, 9LS, EV 100.0 MPH)
|
Batting: RHB Eric Juarez
|
0-0: Called Strike 0-1: Ball 1-1: Called Strike 1-2: Strikes out swinging
|
Batting: RHB Sam Voss
|
0-0: Called Strike 0-1: SINGLE (Groundball, 6M, EV 100.6 MPH) (infield hit) Ron Squires to third
|
Batting: RHB Jose Barboza
|
0-0: Ball 1-0: Fly out, F8 (Flyball, 8RD, EV 96.9 MPH) Runner from 3rd tags up, SCORES, throw by CF
|
Batting: SHB Tyler Romo
|
0-0: Ball 1-0: Ball 2-0: Called Strike 2-1: Foul Ball, location: 2F 2-2: Foul Ball, location: 2F 2-2: Ball 3-2: Base on Balls Sam Voss to second
|
Pitching: RHP Xavier Castaneda
|
|
Batting: SHB Zack Barton
|
0-0: Called Strike 0-1: Fly out, F8 (Flyball, 8RM, EV 96.2 MPH)
|
Top of the 6th over - 1 run, 2 hits, 0 errors, 2 left on base; Amarillo 15 - Houston 1 |
BOTTOM OF THE 6TH |
Houston Colt .45's batting - Pitching for Amarillo ThunderHeads : RHP Jim Sawicki
|
Batting: RHB Erik Smith
|
0-0: Ball 1-0: Ball 2-0: Swinging Strike 2-1: Foul Ball, location: 2F 2-2: SINGLE (Line Drive, 78M, EV 100.0 MPH)
|
Batting: RHB Nick Deegan
|
0-0: Foul Ball, location: 2F 0-1: Ball 1-1: Ball 2-1: Foul Ball, location: 2F 2-2: Ball 3-2: Foul Ball, location: 2F 3-2: Base on Balls Erik Smith to second
|
Batting: RHB Yoshitoshi Mori
|
0-0: Called Strike 0-1: Ball 1-1: Foul Ball, location: 2F 1-2: Grounds into double play, 3-6-1 (Groundball, 34, EV 108.8 MPH) Erik Smith to third
|
Batting: RHB Kieron Clark
|
0-0: Called Strike 0-1: Called Strike 0-2: Ball 1-2: Fly out, F8 (Line Drive, 8LD, EV 109.4 MPH)
|
Bottom of the 6th over - 0 runs, 1 hit, 0 errors, 1 left on base; Amarillo 15 - Houston 1 |
TOP OF THE 7TH |
Amarillo ThunderHeads batting - Pitching for Houston Colt .45's : RHP Xavier Castaneda
|
Batting: LHB Santino Pisanello
|
0-0: Ball 1-0: Called Strike 1-1: DOUBLE (Flyball, 8RD, EV 103.1 MPH)
|
Batting: RHB Jerry Foster
|
0-0: Ball Wild Pitch! Santino Pisanello to third 1-0: Fly out, F5 (Flyball, 5D, EV 81.2 MPH)
|
Batting: RHB Sal Cervantes
|
0-0: Ball 1-0: Foul Ball, location: 2F 1-1: Ball 2-1: Ground out U3 (Groundball, 3, EV 86.2 MPH)
|
Batting: RHB Ron Squires
|
0-0: Called Strike 0-1: Ball 1-1: Swinging Strike 1-2: Fly out, F9 (Line Drive, 9D, EV 111.2 MPH)
|
Top of the 7th over - 0 runs, 1 hit, 0 errors, 1 left on base; Amarillo 15 - Houston 1 |
BOTTOM OF THE 7TH |
Houston Colt .45's batting - Pitching for Amarillo ThunderHeads : RHP Jim Sawicki
|
Batting: RHB Keith Goodwin
|
0-0: Foul Ball, location: 2F 0-1: Called Strike 0-2: Ball 1-2: Fly out, F8 (Flyball, 8LD, EV 94.4 MPH)
|
Batting: SHB Miguel Sierra
|
0-0: Called Strike 0-1: Ball 1-1: Fly out, F7 (Flyball, 7LS, EV 80.6 MPH)
|
Batting: RHB Omar Amaya
|
0-0: Ball 1-0: Ground out 5-3 (Groundball, 56S, EV 79.4 MPH)
|
Bottom of the 7th over - 0 runs, 0 hits, 0 errors, 0 left on base; Amarillo 15 - Houston 1 |
TOP OF THE 8TH |
Amarillo ThunderHeads batting - Pitching for Houston Colt .45's : RHP Xavier Castaneda
|
Batting: RHB Eric Juarez
|
0-0: Ball 1-0: Called Strike 1-1: Called Strike 1-2: Strikes out swinging
|
Pitching: RHP Josh Corkery
|
|
Batting: RHB Sam Voss
|
0-0: Ground out 4-3 (Groundball, 34D, EV 105.0 MPH)
|
Batting: RHB Jose Barboza
|
0-0: Hit by Pitch
|
Batting: SHB Tyler Romo
|
0-0: Called Strike 0-1: Swinging Strike 0-2: Foul Ball, location: 2F 0-2: Ball Balk! Jose Barboza to second 1-2: Strikes out looking
|
Top of the 8th over - 0 runs, 0 hits, 0 errors, 1 left on base; Amarillo 15 - Houston 1 |
BOTTOM OF THE 8TH |
Houston Colt .45's batting - Pitching for Amarillo ThunderHeads : RHP Jim Sawicki
|
Batting: RHB Drew Coleman
|
0-0: Ball 1-0: Called Strike 1-1: Called Strike 1-2: Ball 2-2: Strikes out swinging
|
Batting: RHB Nate Britton
|
0-0: Ground out 5-3 (Groundball, 56, EV 97.5 MPH)
|
Batting: RHB Erik Smith
|
0-0: Ball 1-0: Foul Ball, location: 2F 1-1: Swinging Strike 1-2: Foul Ball, location: 2F 1-2: Ball 2-2: Ball 3-2: Foul Ball, location: 2F 3-2: Foul Ball, location: 2F 3-2: Foul Ball, location: 2F 3-2: Foul Ball, location: 2F 3-2: SINGLE (Line Drive, 8LM, EV 90.6 MPH)
|
Pitching: LHP Loo Lei
|
|
Batting: RHB Nick Deegan
|
0-0: Called Strike 0-1: Ground out 6-3 (Groundball, 6MS, EV 85.0 MPH)
|
Bottom of the 8th over - 0 runs, 1 hit, 0 errors, 1 left on base; Amarillo 15 - Houston 1 |
TOP OF THE 9TH |
Amarillo ThunderHeads batting - Pitching for Houston Colt .45's : RHP Josh Corkery
|
Batting: SHB Zack Barton
|
0-0: Called Strike 0-1: Ball 1-1: Foul Ball, location: 2F 1-2: Foul Ball, location: 2F 1-2: Ground out 6-3 (Groundball, 6, EV 86.2 MPH)
|
Batting: LHB Santino Pisanello
|
0-0: Called Strike 0-1: Ground out 5-3 (Groundball, 5L, EV 83.1 MPH)
|
Batting: RHB Jerry Foster
|
0-0: Called Strike 0-1: Swinging Strike 0-2: Ground out 5-3 (Groundball, 5, EV 94.4 MPH)
|
Top of the 9th over - 0 runs, 0 hits, 0 errors, 0 left on base; Amarillo 15 - Houston 1 |
BOTTOM OF THE 9TH |
Houston Colt .45's batting - Pitching for Amarillo ThunderHeads : LHP Loo Lei
|
Batting: RHB Yoshitoshi Mori
|
0-0: Ball 1-0: Called Strike 1-1: Swinging Strike 1-2: Strikes out swinging
|
Batting: RHB Kieron Clark
|
0-0: Ball 1-0: Ball 2-0: Ball 3-0: Base on Balls
|
Batting: RHB Keith Goodwin
|
0-0: Called Strike 0-1: Grounds into double play, 5-4-3 (Groundball, 5, EV 81.9 MPH)
|
Bottom of the 9th over - 0 runs, 0 hits, 0 errors, 0 left on base; Amarillo 15 - Houston 1 |
|